Map: Romanticide LE

Players

Maru - Winner!

  • Race: Terran Terran
  • League: Master

INnoVation

  • Race: Terran Terran
  • League: Master

Event: DreamHack SC2 Masters 2021 Summer

VOD

Have the link to the VOD?

Description

Time

  • Played on: July 4, 2021, 9:49 a.m.
  • Length: 18:48

All games in this series

Show
View Real Time Build Order
Export as new Build Order

Maru Terran - Winner!

Build Orders:  

Get SALT Encoding   

  12  0:00  SCV  
  13  0:12  SCV  
  14  0:17  Supply Depot  
  14  0:24  SCV  
  15  0:38  SCV  
  15  0:39  Barracks  
  16  0:44  Refinery  
  16  0:50  SCV  
  17  0:59  Barracks  
  17  1:04  SCV  
  18  1:16  SCV  
  19  1:26  Reaper  
  19  1:28  Orbital Command  
  19  1:32  Supply Depot  
  20  1:46  Reaper  
  21  1:53  SCV  
  22  2:03  Reaper  
  22  2:05  SCV  
  24  2:17  Command Center, SCV  
  24  2:21  Refinery  
  25  2:23  Reaper  
  26  2:34  Bunker  
  26  2:36  SCV  
  27  2:39  Supply Depot  
  27  2:52  Factory  
  27  2:53  SCV  
  27  2:55  Marine x2  
  30  3:05  SCV  
  31  3:17  SCV  
  31  3:18  Marine  
  31  3:29  SCV  
  31  3:31  Orbital Command  
  32  3:36  Barracks Reactor, Factory Tech Lab  
  32  3:39  Starport  
  32  3:41  SCV  
  32  3:44  Refinery  
  33  3:53  SCV  
  33  3:55  Cyclone  
  37  3:57  SCV  
  38  4:05  SCV  
  38  4:09  SCV  
  40  4:17  SCV  
  40  4:19  Marine x2  
  40  4:20  Starport Tech Lab  
  40  4:21  SCV  
  44  4:29  SCV  
  44  4:30  Siege Tank  
  47  4:37  Marine x2  
  48  4:40  Raven  
  48  4:41  SCV  
  45  4:52  SCV  
  44  4:55  Marine x2  
  43  5:00  SCV  
  43  5:06  Command Center, SCV  
  45  5:12  SCV  
  45  5:13  Siege Tank, Marine  
  50  5:27  SCV x2  
  52  5:29  Supply Depot, Marine  
  52  5:31  Marine  
  54  5:39  SCV  
  54  5:40  SCV  
  51  5:51  SCV  
  51  5:56  SCV  
  55  5:58  Supply Depot  
  55  6:00  Raven  
  55  6:03  SCV  
  55  6:08  SCV  
  56  6:11  Refinery  
  56  6:15  Siege Tank, SCV  
  56  6:16  Marine  
  56  6:17  Marine  
  62  6:20  SCV  
  62  6:21  Orbital Command, Supply Depot  
  63  6:27  SCV  
  65  6:32  SCV  
  68  6:40  SCV  
  68  6:44  SCV  
  68  6:45  Engineering Bay  
  68  6:46  Engineering Bay  
  67  6:48  SCV  
  67  6:50  Marine  
  67  6:51  Siege Tank, Stimpack  
  67  6:52  SCV  
  67  6:53  Viking  
  75  6:55  Viking  
  75  6:57  SCV  
  75  7:00  Supply Depot  
  78  7:07  SCV  
  78  7:08  Marine  
  79  7:12  Terran Infantry Weapons Level 1, Terran Infantry Armor Level 1  
  79  7:14  SCV x2  
  82  7:19  SCV  
  82  7:22  Barracks  
  82  7:23  Barracks  
  82  7:26  Siege Tank, SCV  
  86  7:30  Viking  
  86  7:34  Viking  
  90  7:39  Orbital Command  
  90  7:40  Supply Depot, Marine  
  90  7:42  SCV x2  
  93  7:54  SCV x2  
  93  7:58  Siege Tank, Marine  
  98  8:01  Missile Turret  
  98  8:02  Viking  
  98  8:04  Viking  
  103  8:05  Supply Depot  
  103  8:06  SCV x3  
  103  8:12  Refinery  
  106  8:14  Refinery  
  106  8:15  Barracks Reactor x2  
  106  8:16  Marine  
  106  8:18  SCV x2  
  109  8:23  Supply Depot  
  109  8:25  Supply Depot  
  109  8:26  Armory  
  109  8:27  SCV  
  109  8:30  SCV x2  
  109  8:33  Combat Shield  
  109  8:34  Marine  
  112  8:39  SCV  
  114  8:41  Viking  
  114  8:42  Supply Depot, SCV  
  114  8:44  Viking  
  114  8:45  SCV  
  120  8:51  SCV  
  120  8:53  Marine x4  
  120  8:54  Sensor Tower  
  125  8:59  Supply Depot  
  125  9:03  Siege Tank, Marine, SCV x2  
  125  9:09  Command Center  
  131  9:14  SCV  
  131  9:16  SCV  
  133  9:18  Supply Depot  
  133  9:20  Medivac x2, SCV  
  138  9:25  Terran Infantry Weapons Level 2, Supply Depot  
  138  9:28  Terran Infantry Armor Level 2  
  138  9:34  SCV x2  
  140  9:41  Barracks Tech Lab  
  140  9:42  Barracks, Starport  
  140  9:47  Barracks  
  140  9:48  Terran Ship Weapons Level 1  
  140  9:50  Viking  
  140  9:51  Viking  
  144  9:56  SCV x3  
  144  9:57  Supply Depot  
  144  9:59  Siege Tank  
  150  10:01  Marine x2  
  152  10:11  Starport  
  152  10:12  Barracks  
  152  10:17  SCV  
  152  10:18  Supply Depot  
  152  10:19  Viking x2  
  157  10:26  SCV  
  157  10:27  SCV  
  157  10:33  Liberator  
  160  10:36  Liberator  
  160  10:38  Command Center  
  160  10:42  Barracks Tech Lab  
  163  10:44  Barracks Reactor  
  163  10:45  SCV x3  
  166  10:53  Orbital Command  
  165  10:59  Starport Reactor, Viking x2  
  165  11:02  Barracks Tech Lab, Fusion Core  
  165  11:04  Command Center  
  169  11:09  Refinery x2  
  169  11:17  Liberator  
  172  11:19  Liberator  
  172  11:23  Supply Depot  
  175  11:27  Marauder x4  
  175  11:28  Concussive Shells  
  182  11:33  Viking  
  182  11:37  Marine x4  
  188  11:45  Viking x3  
  194  11:51  Advanced Ballistics  
  194  11:56  Terran Vehicle And Ship Armor Level 1  
  194  12:03  Planetary Fortress  
  194  12:10  Command Center  
  194  12:13  Command Center, Liberator  
  194  12:14  Viking  
  199  12:21  Armory  
  199  12:22  Orbital Command, Refinery  
  199  12:23  Refinery  
  199  12:45  Command Center  
  199  12:51  Terran Infantry Weapons Level 3, Terran Infantry Armor Level 3  
  183  13:01  Liberator x2  
  183  13:02  Viking x2  
  170  13:06  Liberator  
  170  13:07  Marauder  
  170  13:08  Marauder  
  170  13:10  Marauder x2  
  181  13:19  Liberator  
  184  13:22  Marine x3  
  184  13:26  Orbital Command  
  187  13:28  Marauder  
  187  13:29  Orbital Command, Marauder  
  187  13:32  Marauder x2  
  195  13:39  Siege Tank  
  198  13:46  Terran Ship Weapons Level 2  
  192  13:59  Liberator  
  195  14:12  Starport  
  195  14:13  Starport x2  
  195  14:20  Liberator  
  195  14:23  Viking x2, Liberator x2  
  184  14:26  Marauder x2, Marine  
  171  14:36  Marauder  
  173  14:42  Viking  
  175  14:49  Viking x3  
  181  14:53  Viking, Liberator  
  186  15:02  Command Center  
  186  15:03  Command Center, Liberator  
  189  15:11  Sensor Tower  
  189  15:18  Terran Vehicle And Ship Armor Level 2  
  189  15:20  Viking  
  191  15:26  Viking  
  173  15:37  Viking x2  
  173  15:38  Viking  
  173  15:39  Viking  
  148  15:48  Viking x2  
  132  15:50  Marauder, Marine  
  132  15:54  Marauder, Marine  
  130  15:58  Siege Tank  
  133  16:06  Viking, Liberator  
  133  16:08  Viking  
  133  16:10  Viking  
  142  16:18  Planetary Fortress  
  142  16:22  Orbital Command x2  
  142  16:24  Liberator  
  142  16:25  Liberator x2  
  148  16:28  Viking  
  153  16:32  Refinery  
  153  16:33  Refinery  
  153  16:34  Viking  
  153  16:35  Marauder x4  
  153  16:36  Marine x2  
  165  16:41  Marine  
  165  16:42  Marine  
  167  16:52  Liberator x2  
  171  16:56  Marauder  
  171  16:57  Marauder x3  
  171  16:59  Command Center  
  171  17:00  Viking x2  
  183  17:07  Command Center  
  183  17:09  Supply Depot, Sensor Tower  
  183  17:12  Liberator  
  183  17:13  Liberator  
  189  17:16  Liberator  
  189  17:18  Marauder x2  
  189  17:22  Marauder, Marine  
  198  17:35  Liberator x3  
  180  17:39  Marauder  
  180  17:40  Marauder x2  
  180  17:44  Marauder  
  188  17:48  Liberator  
  188  17:49  Marine  
  189  17:54  Marine  
  190  18:00  Marauder  
  190  18:01  Marauder x2  
  190  18:05  Marauder  
  198  18:22  Marauder x2  
  186  18:29  Starport Reactor x2  
  186  18:30  Starport Reactor  
  198  18:37  Refinery  
  198  18:38  Refinery  
Show
View Real Time Build Order
Export as new Build Order

INnoVation Terran 

Build Orders: Reaper Expand 

Get SALT Encoding   

  12  0:00  SCV  
  13  0:12  SCV  
  14  0:17  Supply Depot  
  14  0:24  SCV  
  15  0:38  SCV  
  15  0:40  Barracks  
  16  0:43  Refinery  
  16  0:50  SCV  
  17  1:02  SCV  
  18  1:15  SCV  
  19  1:27  Orbital Command, Reaper  
  20  1:38  Command Center  
  20  1:44  Supply Depot  
  20  1:53  SCV  
  21  1:59  Marine  
  22  2:05  Factory, SCV  
  23  2:09  Refinery  
  23  2:17  SCV  
  23  2:18  Bunker  
  23  2:21  Barracks Reactor  
  24  2:29  SCV  
  24  2:32  Marine  
  23  2:41  SCV  
  23  2:49  Hellion  
  23  2:50  Marine  
  23  2:51  Starport  
  26  2:53  Supply Depot, SCV  
  27  3:05  SCV  
  27  3:08  Command Center, Marine  
  30  3:13  Hellion  
  30  3:18  SCV  
  28  3:26  Marine  
  25  3:28  Medivac  
  25  3:32  SCV  
  28  3:38  Widow Mine  
  30  3:44  Marine, SCV  
  32  3:56  SCV  
  32  4:01  Marine, Factory Tech Lab  
  34  4:08  SCV  
  35  4:11  Starport Tech Lab  
  35  4:19  Marine  
  35  4:20  Cyclone, SCV  
  40  4:26  Orbital Command  
  38  4:32  SCV  
  38  4:37  Marine  
  38  4:46  Raven  
  38  4:50  SCV  
  38  4:55  Marine  
  39  5:00  Orbital Command  
  39  5:02  SCV  
  39  5:09  Siege Tank  
  43  5:14  SCV  
  43  5:18  Barracks Reactor  
  43  5:23  Command Center  
  43  5:26  SCV  
  45  5:28  SCV  
  45  5:43  SCV  
  45  5:48  SCV  
  45  5:49  Refinery  
  45  5:51  Refinery  
  45  5:55  Raven  
  45  5:56  SCV  
  45  5:57  Marine x2  
  45  6:04  SCV  
  48  6:15  Marine x2  
  50  6:18  Siege Tank  
  50  6:19  Supply Depot  
  50  6:21  SCV  
  54  6:35  Orbital Command, SCV x2  
  56  6:45  Supply Depot  
  56  6:46  Viking x2  
  60  6:47  SCV x2  
  60  6:51  Siege Tank  
  59  6:54  Orbital Command, Factory  
  65  6:59  SCV x2  
  66  7:10  Supply Depot  
  66  7:11  SCV x2  
  68  7:16  Viking x2  
  68  7:19  SCV  
  73  7:23  SCV x2  
  73  7:27  Siege Tank  
  78  7:31  SCV  
  78  7:32  Refinery, Supply Depot  
  78  7:33  Refinery  
  78  7:35  SCV x2  
  81  7:38  Siege Tank  
  81  7:43  SCV  
  84  7:46  Viking x2  
  84  7:47  SCV x2  
  90  7:55  SCV  
  90  7:57  Supply Depot  
  91  7:59  SCV x2  
  91  8:00  Siege Tank  
  91  8:03  Supply Depot  
  96  8:08  SCV  
  96  8:11  SCV x2, Armory x2  
  99  8:18  Viking  
  99  8:19  Viking  
  103  8:22  SCV  
  103  8:24  SCV x2  
  106  8:31  Factory, Barracks Reactor, Supply Depot  
  106  8:34  SCV  
  106  8:36  SCV x2  
  109  8:43  Factory  
  109  8:45  Factory  
  109  8:47  SCV  
  109  8:48  SCV x2  
  112  8:51  Viking  
  112  8:55  Viking  
  115  9:01  Terran Vehicle Weapons Level 1  
  115  9:02  Terran Vehicle And Ship Armor Level 1  
  115  9:05  SCV x3  
  115  9:08  Engineering Bay  
  118  9:18  Command Center  
  118  9:22  Supply Depot  
  118  9:28  Factory Tech Lab  
  118  9:29  Siege Tank x2  
  118  9:30  Barracks Reactor  
  124  9:38  Sensor Tower  
  124  9:40  Infernal Pre-Igniter  
  124  9:44  Hellion x3, Supply Depot  
  130  9:45  Supply Depot  
  130  9:48  Missile Turret  
  130  9:57  Missile Turret  
  130  10:04  Viking  
  130  10:05  Viking  
  132  10:12  Siege Tank x3  
  132  10:14  Hellion x2  
  145  10:21  Hellion x2, Starport  
  147  10:35  Viking x2, Hellion x2  
  153  10:42  Hellion x2  
  159  10:47  Missile Turret x2  
  159  10:54  Refinery  
  159  10:56  Refinery  
  157  10:58  Terran Vehicle Weapons Level 2  
  157  10:59  Terran Vehicle And Ship Armor Level 2  
  157  11:00  Starport Reactor  
  157  11:05  Hellion x3  
  157  11:07  Sensor Tower  
  163  11:11  Planetary Fortress  
  163  11:22  Supply Depot  
  163  11:23  Supply Depot  
  163  11:25  Supply Depot  
  163  11:32  Missile Turret  
  163  11:44  Thor, Viking x2  
  163  11:46  Thor  
  181  11:49  Thor  
  181  11:53  Supply Depot  
  181  11:54  Viking, Supply Depot  
  187  12:04  Missile Turret  
  187  12:14  Factory, Viking x3  
  187  12:15  Factory  
  193  12:17  Factory  
  193  12:19  Missile Turret  
  193  12:27  Viking  
  193  12:29  Siege Tank  
  198  12:32  Missile Turret  
  198  12:35  Hellion  
  200  12:38  Command Center  
  198  12:44  Viking  
  190  13:03  Viking x3  
  171  13:06  Thor x2  
  171  13:11  Factory Reactor, Factory Tech Lab x2  
  171  13:12  Thor  
  186  13:20  Viking  
  188  13:33  Viking x3  
  194  13:40  Thor  
  200  14:19  Thor x2  
  200  14:20  Viking, Thor  
  200  14:21  Thor, Viking  
  200  14:23  Thor  
  182  14:26  Viking  
  155  14:33  Viking  
  154  14:45  SCV x4  
  155  14:52  Viking x2  
  160  14:53  Terran Ship Weapons Level 1  
  160  14:56  Viking  
  162  15:01  Terran Vehicle Weapons Level 3  
  162  15:04  Viking  
  164  15:09  Siege Tank  
  164  15:13  Siege Tank  
  170  15:20  Hellion x3  
  176  15:23  Siege Tank  
  176  15:27  Viking  
  114  15:44  Viking x3  
  114  15:48  Siege Tank, Hellion  
  102  15:57  Siege Tank, Viking  
  102  15:59  Hellion x2  
  102  16:00  Hellion x2  
  102  16:02  SCV  
  102  16:03  SCV  
  117  16:09  Mag-Field Accelerator  
  117  16:13  Cyclone  
  117  16:14  Cyclone  
  117  16:17  Cyclone  
  126  16:18  SCV  
  126  16:19  SCV  
  126  16:21  SCV  
  126  16:22  SCV  
  130  16:28  Planetary Fortress  
  130  16:32  Viking  
  132  16:35  Cyclone  
  132  16:39  SCV x2  
  138  16:40  SCV  
  138  16:43  Cyclone  
  141  16:51  Cyclone x2  
  150  17:03  Viking x2, SCV  
  150  17:05  Refinery x2, SCV x3  
  150  17:06  SCV  
  159  17:10  Cyclone  
  159  17:15  Viking x2  
  163  17:23  SCV x3, Sensor Tower  
  163  17:28  Cyclone  
  159  17:34  Viking x2  
  144  17:38  Cyclone  
  144  17:41  Cyclone  
  144  17:43  Hellion  
  144  17:44  Hellion x4  
  155  17:45  Hellion x2  
  153  17:52  Siege Tank  
  153  18:00  Siege Tank  
  153  18:02  Viking  
  153  18:04  Hellion  
  153  18:05  Hellion x2  
  164  18:06  Siege Tank, Viking  
  164  18:08  Viking  
  171  18:16  Viking  
Tags
 
Add a new tag
Caveats
  • Supply blocks, unpowered buildings, or Contaminate may cause inaccurate times.
  • Supply counts are checked every 10 seconds.